Map: Orbital Shipyard

Players

Savage - Winner!

  • Race: Zerg Zerg
  • League: Diamond

dipwood

  • Race: Protoss Protoss
  • League: Master

VOD

Have the link to the VOD?

Description

Time

  • Played on: Dec. 24, 2015, 7:57 p.m.
  • Length: 10:09
Show
View Real Time Build Order
Export as new Build Order

Savage Zerg - Winner!

Build Orders: Hatch First 

Get SALT Encoding   

  12  0:00  Drone  
  13  0:12  Overlord  
  13  0:17  Drone  
  14  0:30  Drone x2  
  14  0:34  Drone  
  17  0:54  Hatchery  
  17  0:57  Drone  
  17  0:59  Drone  
  18  1:22  Spawning Pool  
  18  1:23  Extractor  
  16  1:26  Drone x2  
  18  1:34  Drone  
  19  1:42  Overlord  
  19  1:49  Drone  
  20  2:04  Drone  
  21  2:09  Queen x2  
  21  2:10  Zergling x2  
  21  2:13  Zergling x2  
  27  2:17  Drone  
  27  2:21  Drone  
  29  2:25  Metabolic Boost  
  29  2:29  Drone  
  30  2:37  Drone  
  30  2:39  Overlord  
  31  2:57  Hatchery  
  30  3:00  Queen  
  30  3:03  Drone  
  30  3:05  Drone  
  34  3:07  Drone  
  34  3:10  Drone  
  36  3:13  Drone  
  36  3:15  Drone  
  38  3:20  Overlord  
  38  3:28  Zergling x6  
  38  3:33  Drone  
  38  3:34  Overlord  
  42  3:40  Zergling x2  
  43  3:51  Lair  
  41  4:01  Drone  
  41  4:02  Drone x4  
  46  4:05  Extractor  
  46  4:07  Extractor  
  43  4:13  Queen  
  43  4:16  Drone x3  
  43  4:17  Drone  
  48  4:19  Extractor  
  48  4:21  Overlord  
  48  4:24  Drone x2  
  49  4:25  Roach Warren  
  49  4:28  Evolution Chamber, Drone  
  49  4:29  Drone  
  49  4:31  Evolution Chamber  
  48  4:40  Spore Crawler  
  48  4:41  Spore Crawler  
  46  4:52  Drone x2  
  48  4:53  Drone x7  
  55  5:04  Overseer  
  55  5:08  Zerg Missile Weapons Level 1  
  55  5:15  Drone x7  
  55  5:19  Spore Crawler  
  55  5:20  Extractor  
  61  5:21  Drone x2  
  61  5:22  Overlord, Extractor  
  61  5:28  Glial Reconstitution, Zerg Ground Armor Level 1  
  61  5:34  Overlord x2  
  61  5:40  Hydralisk Den  
  60  5:43  Drone x4  
  60  5:44  Drone  
  65  5:57  Overlord x2  
  65  5:59  Pneumatized Carapace  
  65  6:09  Drone x3  
  65  6:10  Drone x5  
  73  6:17  Lurker Den  
  73  6:19  Drone x5  
  73  6:20  Overlord  
  78  6:29  Overseer  
  78  6:31  Roach  
  78  6:32  Roach x5  
  88  6:37  Hydralisk x2  
  90  6:42  Hydralisk x3  
  92  6:55  Overlord x4  
  90  7:09  Overlord x3  
  90  7:13  Queen  
  92  7:18  Hydralisk x2  
  92  7:19  Hydralisk x2, Roach x2  
  92  7:20  Roach  
  106  7:26  Zerg Missile Weapons Level 2  
  106  7:27  Zerg Ground Armor Level 2  
  106  7:30  Drone x3  
  109  7:45  Hydralisk x2, Roach  
  109  7:46  Roach  
  109  7:47  Roach  
  119  7:51  Muscular Augments  
  119  8:06  Hatchery  
  119  8:09  Hydralisk x3  
  119  8:10  Roach x3  
  119  8:12  Overlord x3  
  130  8:17  Overlord  
  130  8:19  Overlord  
  130  8:23  Overlord  
  130  8:24  Overlord  
  130  8:30  Overseer  
  130  8:31  Overseer x2  
  130  8:33  Hydralisk  
  130  8:34  Hydralisk, Roach x3  
  134  8:36  Ravager  
  134  8:37  Ravager x3  
  134  8:40  Zergling x2  
  134  8:41  Zergling x6  
  148  8:48  Zergling x6  
  150  8:50  Overlord  
  150  8:53  Hydralisk x2  
  150  8:54  Hydralisk  
  157  8:57  Lurker  
  157  8:59  Lurker  
  159  9:06  Hydralisk, Roach  
  159  9:07  Roach x2  
  167  9:17  Hydralisk x2, Roach  
  167  9:18  Roach  
  175  9:27  Hydralisk x2  
  175  9:28  Roach x2  
  182  9:34  Lurker  
Show
View Real Time Build Order
Export as new Build Order

dipwood Protoss 

Build Orders:  

Get SALT Encoding   

  12  0:01  Probe (Chrono Boost)  
  13  0:11  Probe (Chrono Boost)  
  14  0:18  Pylon  
  14  0:22  Probe (Chrono Boost)  
  15  0:37  Probe (Chrono Boost)  
  16  0:48  Probe (Chrono Boost)  
  17  0:58  Probe (Chrono Boost)  
  18  1:09  Nexus  
  18  1:16  Pylon  
  18  1:20  Probe (Chrono Boost)  
  18  1:25  Gateway  
  19  1:33  Assimilator  
  19  1:37  Probe (Chrono Boost), Assimilator  
  20  1:52  Probe (Chrono Boost), Pylon  
  21  2:06  Gateway  
  21  2:11  Cybernetics Core  
  21  2:14  Probe (Chrono Boost)  
  22  2:25  Probe (Chrono Boost)  
  22  2:27  Zealot  
  26  2:30  Probe (Chrono Boost)  
  26  2:41  Probe x2 (Chrono Boost)  
  28  2:52  Probe x2 (Chrono Boost)  
  28  2:54  Adept (Chrono Boost)  
  28  2:55  Adept (Chrono Boost)  
  34  3:05  Stargate  
  34  3:09  Probe (Chrono Boost)  
  34  3:10  Probe (Chrono Boost)  
  36  3:13  Warp Gate (Chrono Boost)  
  36  3:20  Probe  
  37  3:30  Mothership Core, Stalker  
  37  3:33  Sentry  
  37  3:34  Probe  
  44  3:39  Assimilator  
  44  3:46  Probe  
  45  3:49  Probe  
  46  4:05  Pylon  
  46  4:08  Pylon  
  46  4:10  Probe  
  46  4:12  Probe, Phoenix (Chrono Boost)  
  46  4:21  Probe  
  47  4:24  Probe, Pylon  
  47  4:29  Assimilator  
  48  4:34  Probe  
  48  4:36  Probe, Phoenix (Chrono Boost)  
  52  4:48  Nexus  
  52  4:49  Pylon  
  52  4:50  Probe  
  52  4:51  Pylon  
  52  4:52  Probe  
  54  4:53  Pylon  
  54  5:00  Forge  
  54  5:03  Phoenix (Chrono Boost)  
  56  5:10  Probe  
  56  5:12  Probe  
  58  5:20  Probe  
  58  5:24  Twilight Council  
  58  5:25  Forge, Phoenix (Chrono Boost)  
  58  5:28  Probe  
  62  5:31  Probe  
  63  5:39  Protoss Ground Weapons Level 1 (Chrono Boost)  
  63  5:40  Probe  
  63  5:42  Probe  
  64  5:47  Phoenix (Chrono Boost)  
  67  5:52  Probe x2  
  69  6:03  Probe  
  69  6:04  Probe  
  69  6:05  Probe, Charge  
  69  6:06  Protoss Ground Armor Level 1 (Chrono Boost)  
  72  6:13  Probe  
  72  6:16  Probe x2  
  75  6:19  Pylon  
  75  6:21  Gateway  
  75  6:24  Probe  
  76  6:27  Gateway  
  76  6:33  Gateway  
  76  6:34  Gateway  
  76  6:46  Probe x2  
  76  6:48  Probe  
  79  6:56  Probe  
  79  7:00  Probe  
  81  7:04  Robotics Facility  
  81  7:06  Photon Cannon  
  79  7:10  Zealot, Pylon  
  79  7:11  Zealot  
  79  7:12  Pylon  
  83  7:17  Probe  
  83  7:18  Probe, Phoenix (Chrono Boost)  
  83  7:19  Probe  
  88  7:28  Probe, Gateway  
  88  7:29  Gateway  
  89  7:31  Zealot x3  
  89  7:32  Pylon, Zealot x2  
  89  7:33  Zealot  
  101  7:42  Pylon  
  101  7:43  Pylon  
  101  7:45  Gateway x2  
  101  7:54  Stalker x4, Assimilator  
  101  7:58  Assimilator  
  109  7:59  Pylon  
  109  8:08  Pylon  
  109  8:14  Zealot x2  
  109  8:15  Immortal (Chrono Boost)  
  109  8:19  Robotics Facility  
  117  8:26  Zealot x2  
  117  8:27  Zealot x2  
  125  8:39  Nexus  
  125  8:41  Templar Archives  
  125  8:45  Zealot x3  
  131  8:51  Immortal  
  135  8:58  Zealot x4  
  135  8:59  Zealot x2  
  147  9:09  Immortal (Chrono Boost)  
  151  9:30  Observer (Chrono Boost)  
  152  9:32  Photon Cannon  
  152  9:35  Photon Cannon  
  152  9:36  Pylon  
  152  9:38  Pylon  
  144  9:47  Observer (Chrono Boost)  
  86  10:01  Zealot x4  
  86  10:02  Zealot x5  
Tags
 
Add a new tag
Caveats
  • Supply blocks, unpowered buildings, or Contaminate may cause inaccurate times.
  • Supply counts are checked every 10 seconds.